 Dungeon Crawl Stone Soup version 0.30-a0-881-g1ff12e1e11 (webtiles) character file.

Game seed: 6794083418941462754

2801 bmack86 the Cleaver (level 9, -5/79 HPs)
             Began as a Minotaur Fighter on Mar 14, 2023.
             Was a Priest of Okawaru.
             Slain by Joseph
             ... wielding a +0 quarterstaff
              (12 damage)
             ... on level 8 of the Dungeon.
             The game lasted 00:17:55 (6901 turns).

bmack86 the Cleaver (Minotaur Fighter)              Turns: 6901, Time: 00:17:55

Health: -5/79      AC: 15    Str: 32    XL:     9   Next: 44%
Magic:  11/11      EV:  8    Int:  5    God:    Okawaru [***...]
Gold:   207        SH:  5    Dex:  9    Spells: 8/8 levels left

rFire   . . .      SeeInvis .    a - +0 war axe
rCold   . . .      Faith    +    c - +0 buckler
rNeg    . . .      Spirit   .    x - +0 chain mail
rPois   .          Reflect  .    (helmet restricted)
rElec   .          Rampage  .    k - +0 cloak
rCorr   .                        (no gloves)
Will    .....                    (no boots) Stlth
                                 u - amulet of faith
HPRegen 0.33/turn                v - +6 ring of strength
MPRegen 0.12/turn                F - +4 ring of protection

@: no status effects
A: horns 2, retaliatory headbutt
a: Renounce Religion, Heroism


You were on level 8 of the Dungeon.
You worshipped Okawaru.
Okawaru was most pleased with you.
You visited 2 branches of the dungeon, and saw 9 of its levels.
You also visited: Sewer.

You collected 330 gold pieces.
You spent 123 gold pieces at shops.

Inventory:

Hand Weapons
 a - a +0 war axe (weapon)
Missiles
 f - 14 boomerangs (quivered)
 o - 22 poisoned darts
 C - a curare-tipped dart
Armour
 b - a +0 scale mail
 c - a +0 buckler (worn)
 k - a +0 cloak (worn)
 x - a +0 chain mail (worn)
Jewellery
 u - an amulet of faith (around neck)
 v - a +6 ring of strength (left hand)
 w - a ring of ice
 y - a ring of magical power
 D - a +6 ring of strength
 F - a +4 ring of protection (right hand)
Wands
 p - a wand of flame (18)
 z - a wand of roots (10)
Scrolls
 e - 7 scrolls of teleportation
 h - 2 scrolls of magic mapping
 i - 2 scrolls of blinking
 j - a scroll of vulnerability
 n - a scroll of fog
 q - 2 scrolls of enchant weapon
 E - a scroll of fear
Potions
 d - 4 potions of might
 g - a potion of flight
 l - 6 potions of curing
 m - a potion of invisibility
 r - a potion of magic
 t - 2 potions of lignification
 A - 2 potions of haste
 B - a potion of mutation {unknown}


   Skills:
 + Level 7.0 Fighting
 * Level 8.9 Axes
 + Level 4.6 Throwing
 + Level 7.0 Armour
 + Level 7.0 Shields
 + Level 4.2 Invocations


You had 8 spell levels left.
You didn't know any spells.
Your spell library contained the following spells:

 Spells                   Type           Power      Damage    Failure   Level
 Lesser Beckoning         Tloc           0%         N/A       99%         2
 Dazzling Flash           Conj/Hex       0%         N/A       100%        3
 Frozen Ramparts          Ice            0%         1d1       100%        3
 Gell's Gravitas          Tloc           0%         N/A       100%        3
 Teleport Other           Tloc           0%         N/A       100%        3
 Ice Form                 Ice/Tmut       0%         N/A       100%        4
 Agony                    Necr           0%         N/A       100%        5
 Silence                  Hex/Air        0%         N/A       100%        5
 Eringya's Noxious Bog    Tmut/Pois      0%         N/A       100%        6
 Summon Ice Beast         Ice/Summ       Unusable   N/A       N/A         4
 Summon Forest            Summ/Tloc      Unusable   N/A       N/A         5
 Summon Hydra             Summ           Unusable   N/A       N/A         7

Dungeon Overview and Level Annotations

Branches:
Dungeon (8/15)             Temple (1/1) D:4           Sewer (visited)
   Lair: D:8-11

Altars:
Ashenzari
Cheibriados
Dithmenos
Elyvilon
Fedhas
Gozag
Hepliaklqana
Kikubaaqudgha
Makhleb
Nemelex Xobeh
Okawaru
Qazlal
Ru
Sif Muna
Trog
Uskayaw
Vehumet
Xom
Yredelemnul
Zin
The Shining One

Shops:
D:2 *   D:5 (   D:8 *

Annotations:
D:8 Grum, Joseph


Innate Abilities, Weirdness & Mutations

You have a pair of horns on your head.
You reflexively headbutt those who attack you in melee.


Message History

Your base Armour skill increases to level 7!
o - 22 poisoned darts (gained 2)
You start resting.
You feel like a meek peon again.
You start resting.
HP restored.
You open the door.
Found a robe.
You see here a +0 robe.
Joseph zaps a wand.
Your mind is blasted!
Joseph unwields a +0 quarterstaff.
Joseph wields a +1 sling of flaming.
It bursts into flame!
Joseph shoots a sling bullet.
The sling bullet hits you. The sling bullet burns you.
Joseph shoots a sling bullet.
The sling bullet hits you but does no damage.
Joseph shoots a sling bullet.
The sling bullet barely misses you.
Joseph shoots a sling bullet.
The sling bullet hits you! The sling bullet burns you.
Found a stone staircase leading down.
Joseph unwields a +1 sling of flaming.
It stops flaming.
Joseph wields a +0 quarterstaff.
Joseph hits you but does no damage.
You slash Joseph!
Joseph is moderately wounded.
Joseph hits you with a +0 quarterstaff!
You slash Joseph! Your headbutt misses Joseph.
Joseph is heavily wounded.
Joseph hits you with a +0 quarterstaff!
* * * LOW HITPOINT WARNING * * *
You closely miss Joseph.
Joseph is moderately wounded.
Joseph hits you with a +0 quarterstaff.
* * * LOW HITPOINT WARNING * * *
You hit Joseph. Your headbutt misses Joseph.
Joseph is heavily wounded.
Joseph zaps a wand.
Your mind is blasted!
* * * LOW HITPOINT WARNING * * *
You slice Joseph!!
Joseph is severely wounded.
Joseph hits you with a +0 quarterstaff!
You die...

.......#.... #.#
.......#.... ##'##
#.....#... #....
#........ #....
#.......#########....
#.....#..[.........
#..................
...#+#.....#..........#.
......@@...####.........
...........# #.........
..........## #.........
.....#....# ..######.#.
>.......... .. ....
...###.##### ... ..
...#... #... .......
...............


You could see Joseph.

Vanquished Creatures
  A water moccasin (Sewer)
  2 ice beasts
  2 sky beasts
  2 black bears
  3 ogres
  2 wolves (D:8)
  A centaur (D:7)
  4 phantoms
  A kobold brigand (D:7)
  A bullfrog (D:7)
  A scorpion (D:6)
  4 wights (D:7)
  2 killer bees (D:8)
  A crimson imp (D:6)
  3 hounds
  2 jellies
  Crazy Yiuf (D:4)
  An orc priest (D:7)
  2 gnoll boudas
  2 sleepcaps
  5 iguanas
  4 orc wizards
  13 gnolls
  4 adders
  2 white imps
  3 worms
  2 dart slugs
  20 orcs
  7 ball pythons
  6 endoplasms
  3 giant cockroaches
  9 goblins
  4 hobgoblins
  6 jackals
  3 quokkas (D:1)
  3 bats
  5 frilled lizards
  13 kobolds
  4 rats
154 creatures vanquished.

Notes
Turn   | Place    | Note
-------+----------+-------------------------------------------
     0 | D:1      | bmack86 the Minotaur Fighter began the quest for the Orb.
     0 | D:1      | Reached XP level 1. HP: 19/19 MP: 0/0
   178 | D:1      | Reached XP level 2. HP: 27/27 MP: 1/1
   300 | D:1      | Reached skill level 3 in Axes
   973 | D:2      | Reached XP level 3. HP: 33/33 MP: 2/2
  1001 | D:2      | Found Ufittosch's General Store.
  1012 | D:2      | Bought a scroll of magic mapping for 97 gold pieces
  1230 | D:2      | Reached XP level 4. HP: 34/40 MP: 3/3
  1499 | D:2      | Reached skill level 4 in Axes
  1499 | D:2      | Reached skill level 1 in Throwing
  2111 | D:2      | Bought a scroll of identify for 26 gold pieces
  2446 | D:4      | Reached XP level 5. HP: 45/47 MP: 4/4
  2525 | D:4      | Found a runed translucent door.
  2526 | D:4      | Noticed Crazy Yiuf
  2532 | D:4      | Killed Crazy Yiuf
  2535 | D:4      | Identified the +1 hammer "Nugiawat" {drain, rCorr Int-2
                  | Dex+5}
  2579 | D:4      | Found a staircase to the Ecumenical Temple.
  2595 | Temple   | Entered the Ecumenical Temple
  2668 | Temple   | Became a worshipper of Warmaster Okawaru
  2874 | D:4      | Noticed a black bear
  2879 | D:4      | Killed a black bear
  2880 | D:4      | Reached skill level 5 in Axes
  2880 | D:4      | Reached XP level 6. HP: 42/53 MP: 5/5
  3149 | D:4      | Found a blossoming altar of Fedhas.
  3279 | D:5      | Entered Level 5 of the Dungeon
  3341 | D:4      | Reached skill level 1 in Invocations
  3492 | D:5      | Found a glowing golden altar of the Shining One.
  3650 | D:5      | Reached * piety under Okawaru
  3651 | D:5      | Reached skill level 5 in Fighting
  3651 | D:5      | Reached skill level 5 in Armour
  3651 | D:5      | Reached skill level 5 in Shields
  3651 | D:5      | Reached XP level 7. HP: 61/61 MP: 5/7
  3692 | D:5      | Found Kyzodd's Weapon Shop.
  4031 | D:6      | Reached skill level 6 in Axes
  4048 | D:6      | Found a glowing drain.
  4078 | Sewer    | Entered a sewer
  4460 | D:6      | Reached XP level 8. HP: 54/69 MP: 6/8
  4984 | D:6      | Reached skill level 7 in Axes
  4996 | D:6      | Reached ** piety under Okawaru
  6036 | D:7      | Reached skill level 8 in Axes
  6041 | D:7      | Reached *** piety under Okawaru
  6042 | D:7      | Reached XP level 9. HP: 42/78 MP: 10/10
  6572 | D:8      | Found Feefev's Fabulous Fripperies.
  6627 | D:8      | Found a hazy altar of Hepliaklqana.
  6665 | D:8      | Noticed Joseph
  6679 | D:8      | Noticed Grum
  6680 | D:8      | HP: 3/78 [wolf[Grum] (8)]
  6901 | D:8      | Slain by Joseph

Illustrated notes

Levels and vault maps discovered:
D:1:      amcnicky_arrival_gap_in_the_tavern_cellar, layout_basic,
          due_unseen_surprise
D:2:      minmay_door_path, layout_loops_ring, serial_shops,
          nicolae_shop_waterfront, dk_noncrumbling_3
D:3:      layout_loops_ring, amethyst_killhole
D:4:      layout_basic, fedhas_altar_fruit_tree, minmay_temple_entry_slanted,
          grunt_ministairs_6, uniq_crazy_yiuf_cottage
D:5:      layout_loops_ring, tso_oasis_becter, serial_shops,
          nicolae_shop_bloodbath_and_beyond, kennysheep_generic_room_9
D:6:      layout_basic, cheibrodos_sewer_entry_bend, minmay_fire_ice_demons
D:7:      layout_gridville
D:8:      layout_basic, mainiacjoe_overflow_small_starburst,
          nicolae_alphabet_shops, uniq_grum, uniq_joseph
Temple:   regret_index_temple_chain_breaker

Skill      XL: |  1  2  3  4  5  6  7  8  9 |
---------------+----------------------------+-----
Axes           | 3 4 5 6 8 |  8.9
Fighting       | 4 5 6 7 |  7.0
Shields        | 4 5 6 7 |  7.0
Armour         | 4 5 6 7 |  7.0
Throwing       | 1 2 3 4 |  4.6
Invocations    | 1 2 3 4 |  4.2

Action                     |  1- 3 |  4- 6 |  7- 9 || total
---------------------------+-------+-------+-------++-------
  Melee: War axe           |    72 |    95 |   182 ||   349
         Headbutt          |     6 |    13 |    23 ||    42
  Throw: Boomerang         |       |     5 |    23 ||    28
 Invoke: Heroism           |       |       |     2 ||     2
  Evoke: Wand              |       |    12 |       ||    12
    Use: Scroll            |     4 |     8 |     8 ||    20
         Potion            |       |       |     2 ||     2
 Armour: Scale mail        |    46 |    51 |     3 ||   100
         Chain mail        |       |       |   113 ||   113
  Dodge: Dodged            |    33 |    50 |    88 ||   171
  Block: Buckler           |    22 |    19 |    50 ||    91

Table legend: (Time is in decaauts)
 A = Elapsed time spent in this place.
 B = Non-inter-level travel time spent in this place.
 C = Inter-level travel time spent in this place.
 D = Time resting spent in this place.
 E = Time spent auto-exploring this place.
 F = Levels seen in this place.
 G = Mean time per level.
                   A        B        C        D        E       F      G
               +--------+--------+--------+--------+--------+-----+--------+
         Total |   7020 |   6706 |    314 |    203 |   4570 |  10 |  702.0 |
       Dungeon |   6548 |   6253 |    295 |    203 |   4217 |   8 |  818.5 |
        Temple |    188 |    169 |     19 |      0 |    145 |   1 |  188.0 |
         Sewer |    283 |    283 |      0 |      0 |    208 |   1 |  283.0 |
               +--------+--------+--------+--------+--------+-----+--------+

Top non-repeatable levels by time:
     D:6: 1153 daAuts
     D:7: 1103 daAuts
     D:2: 1017 daAuts
     D:1: 861 daAuts
     D:4: 730 daAuts
     D:5: 623 daAuts
     D:3: 599 daAuts
     D:8: 459 daAuts
   Sewer: 283 daAuts
  Temple: 188 daAuts
